 Dungeon Crawl Stone Soup version 0.23-a0-358-g98c7a59 (webtiles) character file.

8724 smcx the Fighter (level 11, -4/104 HPs)
             Began as a Minotaur Berserker on Oct 15, 2018.
             Was a High Priest of Trog.
             Slain by a shadow (27 damage)
             ... on level 10 of the Dungeon on Oct 22, 2018.
             The game lasted 00:56:03 (12437 turns).

smcx the Fighter (Minotaur Berserker)              Turns: 12437, Time: 00:56:04

Health: -4/104     AC: 18    Str: 24    XL:     11   Next: 13%
Magic:  10/10      EV: 10    Int:  4    God:    Trog [*****.]
Gold:   490        SH: 14    Dex: 11    Spells: 10/10 levels left

rFire    + . .     SeeInvis .   D - +2 flail of Destiny {drain, *Slow +Fly rC++ rN+}
rCold    + + .     Gourm    .   A - +0 shield
rNeg     + . .     Faith    .   n - +5 ring mail {rF+}
rPois    .         Spirit   .   (helmet restricted)
rElec    .         Reflect  +   R - +2 cloak
rCorr    .         Harm     .   P - +0 pair of gloves
MR       .....                  O - +0 pair of boots
Stlth    +.........             i - +4 amulet of reflection
HPRegen  0.27/turn              (no ring)
MPRegen  0.12/turn              (no ring)

@: drained
A: retaliatory headbutt, horns 2
a: Berserk, Trog's Hand, Brothers in Arms, Renounce Religion, Evoke Flight


You were on level 10 of the Dungeon.
You worshipped Trog.
Trog was extremely pleased with you.
You were not hungry.

You visited 2 branches of the dungeon, and saw 12 of its levels.

You collected 490 gold pieces.

Inventory:

Hand Weapons
 l - a +3 dagger
 m - a +3 whip of venom
 D - the +2 flail of Destiny (weapon) {drain, *Slow +Fly rC++ rN+}
   (You found it on level 6 of the Dungeon)

   A truly terrible weapon, it drains the life of those it strikes.
   It greatly protects you from cold.
   It protects you from negative energy.
   It lets you fly.
   It may slow you when you take damage.
 E - a +3 antimagic great mace
 M - the +1 long sword of Anguish {drain, *Drain +Fly rElec}
   (You found it on level 10 of the Dungeon)

   A truly terrible weapon, it drains the life of those it strikes.
   It insulates you from electricity.
   It lets you fly.
   It causes draining when unequipped.
Missiles
 k - 3 needles of sleeping
Armour
 n - a +5 ring mail of fire resistance (worn)
 q - a +0 cloak
 u - a +0 pair of gloves
 x - a +0 pair of boots
 A - a +0 shield (worn)
 O - a +0 pair of boots (worn)
 P - a +0 pair of gloves (worn)
 R - a +2 cloak (worn)
Jewellery
 i - a +4 amulet of reflection (around neck)
Wands
 r - a wand of paralysis (13)
 z - a wand of random effects (23)
 F - a wand of flame (34)
 H - a wand of clouds (6)
 J - a wand of polymorph (11)
 L - a wand of disintegration (9)
Scrolls
 b - 6 scrolls of teleportation
 e - 14 scrolls of remove curse
 g - 5 scrolls of enchant weapon
 o - a scroll of noise {unknown}
 p - 2 scrolls of identify
 s - 3 scrolls of enchant armour
 v - 3 scrolls of magic mapping {unknown}
 w - a scroll of blinking {unknown}
 y - a scroll of random uselessness {unknown}
 G - a scroll of immolation {unknown}
 K - a scroll of silence {unknown}
 N - a scroll of fear
 Q - a scroll of amnesia {unknown}
Potions
 a - a potion of lignification {unknown}
 d - 3 potions of mutation {unknown}
 f - 2 potions of might {unknown}
 h - a potion of curing
 j - 4 potions of heal wounds
 t - 2 potions of flight
 B - 4 potions of degeneration
 C - a potion of berserk rage {unknown}
 I - a potion of resistance {unknown}
 S - a potion of agility {unknown}
 T - a potion of ambrosia {unknown}
 U - a potion of cancellation {unknown}
Comestibles
 c - 9 rations


   Skills:
 + Level 12.2(11.9) Fighting
   Level 5.6(8.9) Axes
 + Level 11.0(11.2) Maces & Flails
 - Level 10.4(10.1) Armour
 - Level 2.4(2.2) Dodging
 + Level 6.2(6.0) Shields


You had 10 spell levels left.
You didn't know any spells.
Your spell library was empty.

Dungeon Overview and Level Annotations

Branches:
Dungeon (11/15)            Temple (1/1) D:5            Lair (0/6) D:11
    Orc (0/2) D:10

Altars:
Ashenzari
Cheibriados
Dithmenos
Elyvilon
Fedhas
Gozag
Hepliaklqana
Kikubaaqudgha
Makhleb
Nemelex Xobeh
Okawaru
Qazlal
Ru
Sif Muna
Trog
Uskayaw
Vehumet
Wu Jian
Xom
Yredelemnul
Zin
The Shining One
Beogh

Shops:
D:10 }


Innate Abilities, Weirdness & Mutations

You reflexively headbutt those who attack you in melee.
You have a pair of horns on your head.


Message History

There is a stone staircase leading down here.
You barely miss the shadow. Your headbutt misses the shadow.
The shadow hits you.
You sock the shadow! Your headbutt misses the shadow.
The shadow is heavily damaged.
The shadow slips into darkness.
The shadow flickers and vanishes!
Deactivating autopickup; reactivate with Ctrl-A.
You hit something. You headbutt something. You hit something but do no damage.
The shadow strikes at you from the darkness!
* * * LOW HITPOINT WARNING * * *
Reactivating autopickup.
You hit the shadow. Your headbutt misses the shadow.
The shadow is severely damaged.
The shadow slips into darkness.
The shadow flickers and vanishes!
Deactivating autopickup; reactivate with Ctrl-A.
The shadow strikes at you from the darkness!
You die...

..........# ##.#......##.........
#.....#.######.#......##.........
#...............)..............).
......#########[#.######.........
...........# #.[.............#.#
......####.# #.............<...#
#.....####.#####..###....########
........................).).....#
.............)..@>.......######.#
............######.....⌠.⌠# #.#
............# #......∩.# #.#
............# #.....⌠.⌠# #.#
............# #........# #.#
###########.# #.......## #.# #.#
#....#### #.# #.# #....# #.#
#.######....# #.#


There were no monsters in sight!

Vanquished Creatures
  A two-headed ogre (D:8)
  A centaur zombie (D:11)
  3 kobold demonologists
  A komodo dragon (D:11)
  A troll (D:8)
  3 hippogriffs
  A wyvern (D:9)
  3 yaks (D:9)
  A basilisk (D:11)
  A hungry ghost (D:7)
  Grum (D:8)
  Edmund (D:6)
  Purgy (D:3)
  2 sky beasts (D:10)
  5 ice beasts
  A black bear (D:5)
  5 phantoms
  6 orc warriors
  4 ogres
  2 wolves (D:8)
  5 bullfrogs
  A scorpion (D:5)
  A howler monkey (D:2)
  4 crimson imps
  A quasit (D:7)
  5 hounds
  3 bullfrog zombies
  Crazy Yiuf (D:2)
  2 bullfrog skeletons
  2 centaur skeletons
  2 gnoll shamans
  13 orc priests
  14 orc wizards
  Jessica (D:2)
  2 iguanas
  5 worker ants
  Natasha (thrice) (D:4)
  A hound skeleton (D:5)
  2 hound zombies
  17 gnolls
  A worker ant zombie (D:7)
  13 adders
  4 shadow imps
  An ooze (D:2)
  An adder skeleton (D:9)
  3 worms
  6 leopard geckos
  42 orcs
  2 ball pythons (D:1)
  4 bats
  7 giant cockroaches
  7 goblins
  9 hobgoblins
  17 jackals
  6 kobolds
  8 quokkas
  8 frilled lizards
  A quokka skeleton (D:4)
  A quokka zombie (D:5)
  6 rats
  A spectral orc (D:6)
  2 plants (D:11)
279 creatures vanquished.

Vanquished Creatures (others)
  A kobold (D:11)
  3 plants (D:11)
4 creatures vanquished.

Grand Total: 283 creatures vanquished

Notes
Turn   | Place    | Note
-------+----------+-------------------------------------------
     0 | D:1      | smcx the Minotaur Berserker began the quest for the Orb.
     0 | D:1      | Reached XP level 1. HP: 19/19 MP: 0/0
    70 | D:1      | Reached XP level 2. HP: 27/27 MP: 1/1
   296 | D:1      | Reached skill level 4 in Fighting
   638 | D:1      | Reached XP level 3. HP: 33/33 MP: 2/2
   788 | D:2      | Reached XP level 4. HP: 41/41 MP: 3/3
   790 | D:2      | Reached ** piety under Trog
   986 | D:2      | Reached XP level 5. HP: 23/47 MP: 4/4
  1272 | D:2      | Found a hazy altar of Hepliaklqana.
  1338 | D:2      | Found a runed door.
  1480 | D:2      | Noticed Jessica
  1487 | D:2      | Killed Jessica
  1487 | D:2      | Reached skill level 5 in Fighting
  1487 | D:2      | Reached skill level 5 in Maces & Flails
  2112 | D:2      | Noticed Crazy Yiuf
  2116 | D:2      | Killed Crazy Yiuf
  2400 | D:3      | Noticed Purgy
  2416 | D:3      | Killed Purgy
  2416 | D:3      | Reached skill level 1 in Axes
  2416 | D:3      | Reached XP level 6. HP: 57/57 MP: 1/5
  2502 | D:3      | Found a radiant altar of Vehumet.
  2535 | D:3      | Reached skill level 5 in Armour
  2607 | D:3      | Found a sacrificial altar of Ru.
  2715 | D:3      | Found an ancient bone altar of Kikubaaqudgha.
  2920 | D:3      | Reached *** piety under Trog
  3010 | D:3      | Reached skill level 6 in Fighting
  3199 | D:3      | Found a snail-covered altar of Cheibriados.
  3546 | D:4      | Noticed Natasha
  3552 | D:4      | Killed Natasha
  3607 | D:4      | Reached XP level 7. HP: 55/63 MP: 6/6
  4016 | D:4      | Noticed Natasha
  4027 | D:4      | Killed Natasha
  4041 | D:4      | Noticed Natasha
  4044 | D:4      | Killed Natasha
  4435 | D:5      | Entered Level 5 of the Dungeon
  4473 | D:5      | Reached skill level 7 in Fighting
  4786 | D:5      | Found a staircase to the Ecumenical Temple.
  4820 | Temple   | Entered the Ecumenical Temple
  4914 | D:5      | Reached XP level 8. HP: 70/73 MP: 7/7
  4948 | D:5      | Reached skill level 5 in Axes
  5201 | D:5      | Reached skill level 8 in Fighting
  5351 | D:5      | Found a shadowy altar of Dithmenos.
  5851 | D:6      | Noticed Edmund
  5912 | D:5      | Reached **** piety under Trog
  5968 | D:6      | Killed Edmund
  6075 | D:6      | Found a basalt altar of Yredelemnul.
  6269 | D:6      | Got a jewelled flail
  6270 | D:6      | Identified the +2 flail of Destiny {drain, *Slow +Fly rC++
                  | rN+} (You found it on level 6 of the Dungeon)
  6271 | D:6      | Upgraded the game from 0.23-a0-321-g6bcb69f to
                  | 0.23-a0-358-g98c7a59
  6533 | D:6      | Found a radiant altar of Vehumet.
  6654 | D:6      | Reached XP level 9. HP: 76/82 MP: 8/8
  6871 | D:7      | Reached skill level 9 in Fighting
  7851 | D:8      | Noticed a two-headed ogre
  7857 | D:8      | Killed a two-headed ogre
  7857 | D:8      | Reached skill level 10 in Fighting
  8015 | D:8      | Reached ***** piety under Trog
  8015 | D:8      | Reached skill level 10 in Armour
  8310 | D:8      | Reached XP level 10. HP: 84/94 MP: 9/9
  8380 | D:8      | Noticed Grum
  8394 | D:8      | Killed Grum
  8715 | D:8      | Reached skill level 1 in Shields
  9236 | D:9      | Found a glowing silver altar of Zin.
  9355 | D:9      | Reached skill level 11 in Fighting
  9902 | D:10     | Entered Level 10 of the Dungeon
  9999 | D:10     | Found Ossorusa's Gadget Boutique.
 10117 | D:10     | Received a gift from Trog
 10117 | D:10     | Reached skill level 10 in Maces & Flails
 10763 | D:10     | Got a dazzling long sword
 10764 | D:10     | Identified the +1 long sword of Anguish {drain, *Drain +Fly
                  | rElec} (You found it on level 10 of the Dungeon)
 10790 | D:10     | Found a staircase to the Orcish Mines.
 10826 | D:10     | Found a roughly hewn altar of Beogh.
 11408 | D:11     | Reached skill level 5 in Shields
 11630 | D:11     | Reached skill level 12 in Fighting
 11643 | D:11     | Reached XP level 11. HP: 75/104 MP: 10/10
 11754 | D:11     | Found a staircase to the Lair.
 12091 | D:11     | Noticed a sixfirhy
 12102 | D:10     | Noticed a sun demon
 12111 | D:11     | Noticed a sun demon
 12413 | D:11     | Noticed a soul eater
 12437 | D:10     | Slain by a shadow

Vault maps used:
D:1:      lemuel_arrival_cross, chequers_serial_rivers_micro_e, minmay_bisected
D:2:      nicolae_overflow_crystal_walls, first_ration, minmay_octomino_j4,
          uniq_jessica, uniq_crazy_yiuf_cottage
D:3:      lemuel_coloured_pillars_altar, lemuel_round_altar,
          lemuel_crystal_altar, old_standard_altar, uniq_purgy
D:4:      supply_closet_lemuel, st_stairs_12, uniq_natasha
D:5:      minmay_temple_entry_mist, basic_altar
D:6:      yredelemnul_forgotten_temple_becter, vehumet_altar_wand_db,
          uniq_edmund
D:8:      uniq_grum, uniq_erica
D:9:      old_standard_altar
D:10:     minmay_orc_entry_temple_small, serial_shops, shop_fountains
D:11:     david_lair_shrubbed, minmay_variable_closet
Temple:   eino_wide_crystal_templ

Skill      XL: |  1  2  3  4  5  6  7  8  9 10 11 |
---------------+----------------------------------+-----
Maces & Flails | 4 5 6 8 10 11 | 11.0
Fighting       | 4 5 6 7 8 10 12 | 12.2
Armour         | 3 4 5 6 8 10 | 10.4
Axes           | 1 2 4 5 |  5.6
Shields        | 5 6 |  6.2
Dodging        | |  2.4

Action                   |  1- 3 |  4- 6 |  7- 9 | 10-12 || total
-------------------------+-------+-------+-------+-------++-------
Melee: Mace              |    67 |    77 |    49 |       ||   193
       Headbutt          |     3 |    30 |    62 |    70 ||   165
       Hand axe          |       |    88 |   103 |       ||   191
       Flail             |       |       |   189 |   276 ||   465
Invok: Berserk           |       |     3 |     1 |     2 ||     6
       Brothers in Arms  |       |       |       |     1 ||     1
  Use: Scroll            |     1 |     4 |     5 |     5 ||    15
       Potion            |       |       |     4 |       ||     4
  Eat: Chunk             |       |     6 |     5 |     6 ||    17
       Ration            |       |     2 |     4 |     3 ||     9
Armor: Animal skin       |    10 |       |       |       ||    10
       Chain mail        |     8 |    64 |       |       ||    72
       Ring mail         |       |    27 |   123 |    71 ||   221
Dodge: Dodged            |    44 |    58 |   153 |    74 ||   329
Block: Other             |       |    22 |    49 |     3 ||    74
       Reflection        |       |       |     1 |     6 ||     7
       Shield            |       |       |       |   145 ||   145

Table legend:
 A = Non-vault XP
 B = Vault XP
 C = Vault XP percentage of total XP
 D = Non-vault monster count
 E = Vault monster count
 F = Vault count percentage of total count
                 A         B        C        D         E       F
            +---------+---------+-------+---------+---------+-------
      Total |   11011 |    1453 |  11.7 |     254 |      24 |   8.6
            +---------+---------+-------+---------+---------+-------
        D:1 |      35 |       6 |  14.6 |      20 |       4 |  16.7
        D:2 |     213 |      81 |  27.6 |      25 |       5 |  16.7
        D:3 |     188 |     132 |  41.2 |      31 |       1 |   3.1
        D:4 |     519 |      35 |   6.3 |      11 |       1 |   8.3
        D:5 |    1116 |       0 |   0.0 |      24 |       0 |   0.0
        D:6 |     402 |     156 |  28.0 |      12 |       3 |  20.0
        D:7 |    1008 |       0 |   0.0 |      31 |       0 |   0.0
        D:8 |    2130 |     419 |  16.4 |      42 |       3 |   6.7
        D:9 |    1408 |       0 |   0.0 |      11 |       0 |   0.0
       D:10 |    1637 |     263 |  13.8 |      21 |       6 |  22.2
       D:11 |    2355 |     361 |  13.3 |      26 |       1 |   3.7
            +---------+---------+-------+---------+---------+-------
